 Dungeon Crawl Stone Soup version 0.24.0-125-gc4c63601f3 (webtiles) character file.

Game seed: 11905379791003344325, levelgen mode: deterministic

4630 BuffBuff the Grappler (level 10, 0/49 HPs)
             Began as a Vine Stalker Fighter on Mar 12, 2020.
             Succumbed to a killer bee's poison
             ... on level 9 of the Dungeon.
             The game lasted 00:54:22 (8081 turns).

BuffBuff the Grappler (Vine Stalker Fighter)        Turns: 8081, Time: 00:54:23

Health: 0/49       AC: 16    Str: 21    XL:     10   Next: 42%
Magic:  9/11       EV:  2    Int:  8    God:
Gold:   463        SH:  0    Dex: 15    Spells: 9/9 levels left

rFire    . . .     SeeInvis .     - Unarmed
rCold    . . .     Gourm    .   q - +0 large shield
rNeg     . . .     Faith    .   w - +0 plate armour
rPois    .         Spirit   +   u - +0 helmet
rElec    .         Reflect  .   (no cloak)
rCorr    .         Harm     .   s - +0 pair of gloves
MR       +....                  r - +1 pair of boots
Stlth    ..........             e - amulet of rage
HPRegen  0.56/turn              (no ring)
MPRegen  0.12/turn              (no ring)

@: confused, lethally poisoned (0 -> -5), hasted, lightly drained, very quick
A: fangs 3, regeneration 1, magic shield, antimagic bite, no potion heal 3, rot
immunity
a: Evoke Berserk Rage


You were on level 9 of the Dungeon.
You were hungry.

You visited 2 branches of the dungeon, and saw 10 of its levels.

You collected 463 gold pieces.

Inventory:

Hand Weapons
 b - a +2 dagger of venom
 v - a +2 scimitar of electrocution
Missiles
 t - 4 javelins
 x - 8 poisoned darts (quivered)
Armour
 m - a +2 leather armour of cold resistance
 n - a +1 ring mail of magic resistance
 q - a +0 large shield (worn)
 r - a +1 pair of boots (worn)
 s - a +0 pair of gloves (worn)
 u - a +0 helmet (worn)
 w - a +0 plate armour (worn)
Jewellery
 e - an amulet of rage (around neck)
Wands
 h - a wand of random effects (15)
 y - a wand of clouds (6)
Scrolls
 a - 2 scrolls of enchant weapon
 f - 3 scrolls of identify
 i - 6 scrolls of remove curse
 z - a scroll of enchant armour
Potions
 c - 2 potions of might
 g - 2 potions of curing
 k - 2 potions of ambrosia
 l - 5 potions of flight
 o - a potion of brilliance
 p - a potion of berserk rage
Comestibles
 d - 13 rations


   Skills:
 + Level 4.0(3.6) Fighting
 - Level 1.0(0.7) Throwing
 + Level 5.4(5.0) Armour
 + Level 7.0(6.6) Shields
 + Level 11.3(10.9) Unarmed Combat


You had 9 spell levels left.
You didn't know any spells.
Your spell library contained the following spells:

 Spells                   Type           Power        Failure   Level  Hunger
 Magic Dart               Conj           #...         100%        1    ##.....
 Searing Ray              Conj           #.....       100%        2    ###....
 Dazzling Spray           Conj/Hex       #.....       100%        3    ####...
 Force Lance              Conj/Tloc      #.......     100%        4    #####..
 Fulminant Prism          Conj/Hex       #.........   100%        4    #####..
 Iskenderun's Mystic Bla  Conj           #.......     100%        4    #####..


Dungeon Overview and Level Annotations

Branches:
Dungeon (9/15)             Temple (1/1) D:6
   Lair: D:8-11         Orc: D:9-12

Altars:
Ashenzari
Cheibriados
Dithmenos
Elyvilon
Fedhas
Gozag
Hepliaklqana
Kikubaaqudgha
Makhleb
Nemelex Xobeh
Okawaru
Qazlal
Ru
Sif Muna
Trog
Uskayaw
Vehumet
Wu Jian
Xom
Yredelemnul
Zin
The Shining One

Annotations:
D:7 2 transporters


Innate Abilities, Weirdness & Mutations

You have razor-sharp teeth.
Your natural rate of healing is unusually fast.
When hurt, damage is shared between your health and your magic reserves.
Your bite disrupts and absorbs the magic of your enemies.
Potions cannot restore your health.
You are immune to rotting.


Message History

You closely miss the bullfrog. You bite the bullfrog. You drain its power.
You feel invigorated.
The bullfrog is heavily wounded.
* * * LOW HITPOINT WARNING * * *
You feel sick. You block the killer bee's attack. x2
The bullfrog hits you but does no damage.
You block the killer bee's attack.
The orc warrior hits you but does no damage.
The killer bee stings you but does no damage.
You hit the bullfrog. You bite the bullfrog. You drain its power.
You feel invigorated.
The bullfrog is severely wounded.
The bullfrog hits you but does no damage.
The killer bee barely misses you. The killer bee stings you.
* * * LOW HITPOINT WARNING * * *
You are more poisoned.
The killer bee poisons you!
You are confused.
Your system rejects the healing.
You feel invigorated.
You die...

### ### #.# ##.## ##.####...#
#.....#...# ## ####........### #.
##.##...).#....###. #. #.
#..#......#.....##. #..#.
##yyo........#...... ##.#.
####)#@#.######........ #....#
#..).#F#.##............
#..#..#####)....h.......#........
#...............#...#.###...###.
#..................#####........
#........Foo...............#...#
#...#.......##.......#.....#...#
#.. ##...............#..........
##...........................#..


You could see an orc warrior, a bullfrog, 2 killer bees, an orc and a jackal.

Vanquished Creatures
  A troll (D:9)
  2 hippogriffs
  3 wyverns (D:8)
  Menkaure (D:4)
  2 ice beasts
  A sky beast (D:4)
  2 orc warriors
  A necrophage (D:7)
  A phantom (D:9)
  A hornet zombie (D:7)
  3 ogres
  2 centaurs
  5 bullfrogs
  4 scorpions
  13 wights
  3 howler monkeys
  2 crimson imps (D:7)
  A bullfrog zombie (D:8)
  A quasit (D:7)
  2 hounds
  4 orc priests
  A bullfrog skeleton (D:5)
  A centaur skeleton (D:6)
  11 orc wizards
  4 iguanas
  7 worker ants
  A worker ant zombie (D:7)
  8 adders
  A shadow imp (D:5)
  2 oozes
  An adder skeleton (D:8)
  4 worms
  3 dart slugs
  8 leopard geckos
  41 orcs
  2 ball pythons
  10 bats
  4 giant cockroaches
  10 goblins
  2 hobgoblins
  8 jackals
  7 frilled lizards
  9 kobolds
  5 rats
205 creatures vanquished.

Vanquished Creatures (others)
  5 dream sheep (D:7)
5 creatures vanquished.

Grand Total: 210 creatures vanquished

Notes
Turn   | Place    | Note
-------+----------+-------------------------------------------
     0 | D:1      | BuffBuff the Vine Stalker Fighter began the quest for the
                  | Orb.
     0 | D:1      | Reached XP level 1. HP: 11/11 MP: 2/2
    94 | D:1      | Reached XP level 2. HP: 16/16 MP: 3/3
   380 | D:1      | Reached XP level 3. HP: 20/20 MP: 4/4
  1143 | D:2      | Gained mutation: Your natural rate of healing is unusually
                  | fast. [Vine Stalker growth]
  1143 | D:2      | Reached XP level 4. HP: 19/24 MP: 3/5
  1553 | D:3      | Reached skill level 3 in Unarmed Combat
  1779 | D:2      | Reached XP level 5. HP: 28/28 MP: 6/6
  1893 | D:3      | Reached skill level 4 in Unarmed Combat
  2241 | D:4      | Reached XP level 6. HP: 19/32 MP: 5/7
  2298 | D:4      | Noticed Menkaure
  2490 | D:4      | Noticed a sky beast
  2971 | D:4      | Killed a sky beast
  2971 | D:4      | Reached skill level 5 in Unarmed Combat
  3147 | D:4      | Killed Menkaure
  3147 | D:4      | Reached XP level 7. HP: 15/36 MP: 5/8
  3304 | D:5      | Entered Level 5 of the Dungeon
  3438 | D:5      | Reached skill level 6 in Unarmed Combat
  3702 | D:5      | Noticed a hungry ghost
  3852 | D:5      | Noticed a hippogriff
  3869 | D:5      | Killed a hippogriff
  3869 | D:5      | Reached skill level 7 in Unarmed Combat
  3869 | D:5      | Gained mutation: You have razor-sharp teeth. [Vine Stalker
                  | growth]
  3869 | D:5      | Reached XP level 8. HP: 26/40 MP: 6/9
  3911 | D:5      | Found an ornate altar of the Wu Jian Council.
  4349 | D:6      | Found a staircase to the Ecumenical Temple.
  4365 | Temple   | Entered the Ecumenical Temple
  4953 | D:6      | Reached skill level 8 in Unarmed Combat
  5178 | D:6      | Found a snail-covered altar of Cheibriados.
  5511 | D:7      | Noticed a death knight
  5573 | D:7      | Found an opulent altar of Gozag.
  5573 | D:7      | Found a transporter.
  5579 | D:7      | Reached skill level 5 in Shields
  5579 | D:7      | Reached XP level 9. HP: 45/45 MP: 10/10
  5580 | D:7      | Found a hide-covered altar of Uskayaw.
  5581 | D:7      | Noticed a wizard
  5592 | D:7      | Reached skill level 9 in Unarmed Combat
  5599 | D:7      | Found a transporter.
  5615 | D:7      | Reached skill level 1 in Throwing
  5918 | D:7      | Found an ancient bone altar of Kikubaaqudgha.
  6506 | D:7      | Found a shimmering altar of Xom.
  6678 | D:7      | Reached skill level 10 in Unarmed Combat
  7122 | D:8      | Reached XP level 10. HP: 49/49 MP: 11/11
  7221 | D:8      | Reached skill level 5 in Armour
  7277 | D:8      | Reached skill level 11 in Unarmed Combat
  7603 | D:8      | Noticed a two-headed ogre
  8077 | D:9      | HP: 2/49 [killer bee (4)]
  8081 | D:9      | Succumbed to a killer bee's poison

Levels and vault maps discovered:
D:1:      dpeg_arrival_subterranean_lakeside_camping, layout_basic,
          serial_rivers, chequers_serial_rivers_micro_a,
          chequers_serial_rivers_marsh, chequers_serial_rivers_small_a,
          chequers_serial_rivers_micro_c, st_stairs_10, minmay_tromino_v4_a
D:2:      layout_rooms, first_ration
D:3:      layout_basic
D:4:      layout_loops_ring, uniq_menkaure
D:5:      layout_basic, nicolae_overflow_hidden_temple, serial_rivers,
          chequers_serial_rivers_micro_a, chequers_serial_rivers_micro_d,
          chequers_serial_rivers_room_b, chequers_serial_rivers_micro_b,
          chequers_serial_rivers_small_b, chequers_serial_rivers_small_3,
          minivault_11
D:6:      layout_basic, cheibrodos_worm_habitat, minmay_temple_entry_arrows,
          minivault_1
D:7:      layout_loops_corners, kennysheep_little_box,
          gammafunk_temple_overflow_arena, kb_xom_exploding_sheep,
          minmay_small_thing
D:8:      layout_loops_ring
D:9:      layout_cave_pools, david_lair_generic, hangedman_little_slice_of_home
Temple:   eino_temple_scatter_basement

Skill      XL: |  1  2  3  4  5  6  7  8  9 10 |
---------------+-------------------------------+-----
Fighting       | 3 4 |  4.0
Shields        | 3 4 5 6 7 |  7.0
Unarmed Combat | 3 4 5 7 8 10 11 | 11.3
Armour         | 3 4 5 |  5.4
Throwing       | 1 |  1.0

Action                   |  1- 3 |  4- 6 |  7- 9 | 10-12 || total
-------------------------+-------+-------+-------+-------++-------
Melee: Unarmed           |   130 |   197 |   352 |   151 ||   830
       Bite              |    36 |    56 |   115 |    53 ||   260
Throw: Javelin           |       |       |    12 |       ||    12
       Dart              |       |       |       |     4 ||     4
  Use: Scroll            |       |    10 |     6 |       ||    16
       Potion            |       |       |       |     2 ||     2
  Eat: Chunk             |     1 |     5 |     6 |     3 ||    15
       Ration            |       |     1 |     2 |       ||     3
Armor: Scale mail        |    42 |    13 |       |       ||    55
       Ring mail         |       |    37 |    62 |       ||    99
       Plate armour      |       |       |    41 |    82 ||   123
Dodge: Dodged            |    25 |    33 |    40 |     9 ||   107
Block: Shield            |    51 |    40 |       |       ||    91
       Large shield      |       |    49 |   204 |   137 ||   390
